Map: Beckett Industries LE

Players

Semper - Winner!

  • Race: Terran Terran

Epic

  • Race: Terran Terran

Event: DreamHack SC2 Masters 2021 Fall

VOD

Have the link to the VOD?

Description

Time

  • Played on: Aug. 3, 2021, 3:13 p.m.
  • Length: 7:46

All games in this series

Show
View Real Time Build Order
Export as new Build Order

Semper Terran - Winner!

Build Orders:  

Get SALT Encoding   

  12  0:00  SCV  
  13  0:12  SCV  
  14  0:17  Supply Depot  
  14  0:24  SCV  
  15  0:38  SCV  
  15  0:39  Barracks  
  16  0:45  Refinery  
  16  0:50  SCV  
  16  0:55  Refinery  
  17  1:03  SCV  
  18  1:15  SCV  
  19  1:26  Barracks Reactor  
  19  1:27  Orbital Command  
  19  1:36  Supply Depot  
  19  1:43  Factory  
  19  1:53  SCV  
  20  2:02  Reaper x2  
  20  2:05  SCV  
  23  2:08  Supply Depot  
  23  2:17  SCV  
  24  2:27  Hellion  
  24  2:29  SCV  
  27  2:36  Reaper x2  
  29  2:41  SCV  
  30  2:48  Hellion  
  32  2:56  Command Center  
  32  3:03  SCV  
  33  3:08  Starport  
  33  3:13  Factory Tech Lab  
  33  3:17  Marine x2  
  33  3:19  SCV  
  36  3:26  Supply Depot  
  36  3:35  SCV  
  37  3:45  Siege Tank  
  38  3:48  Marine x2  
  38  3:49  SCV  
  38  3:52  Medivac  
  43  4:06  SCV  
  43  4:08  Marine, Supply Depot  
  43  4:09  Marine  
  46  4:11  Orbital Command  
  46  4:16  Refinery  
  46  4:22  SCV  
  47  4:25  Factory Tech Lab  
  47  4:29  Raven  
  47  4:30  Marine x2  
  51  4:36  SCV  
  51  4:37  SCV  
  53  4:44  Siege Tank  
  56  4:48  SCV  
  56  4:49  Supply Depot  
  56  4:50  Marine  
  58  5:15  Marine x2  
  58  5:21  SCV x2  
  62  5:23  Raven, Siege Tank  
  62  5:24  Command Center  
  67  5:33  Marine, SCV x2  
  70  5:36  Supply Depot  
  70  5:37  Marine  
  71  5:45  SCV x2  
  73  5:55  Siege Tank  
  77  5:57  SCV  
  77  5:59  SCV  
  79  6:06  Supply Depot x2  
  79  6:09  SCV  
  79  6:16  Barracks, Starport Reactor  
  79  6:19  SCV  
  79  6:21  Marine, SCV  
  79  6:22  Barracks  
  79  6:23  Refinery  
  82  6:27  Engineering Bay x2  
  82  6:28  Siege Tank  
  82  6:31  SCV  
  86  6:34  SCV  
  86  6:38  Orbital Command  
  86  6:39  Marine  
  88  6:45  SCV  
  89  6:57  Marine  
  90  7:02  Siege Tank  
  90  7:04  Viking  
  90  7:05  Viking  
  90  7:06  SCV  
  98  7:11  SCV  
  98  7:13  Marine x3  
  101  7:16  SCV  
  84  7:31  SCV  
  86  7:37  Barracks  
  86  7:38  Barracks  
Show
View Real Time Build Order
Export as new Build Order

Epic Terran 

Build Orders:  

Get SALT Encoding   

  12  0:00  SCV  
  13  0:12  SCV  
  14  0:16  Supply Depot  
  14  0:24  SCV  
  15  0:38  SCV  
  15  0:40  Barracks  
  16  0:43  Refinery  
  16  0:50  SCV  
  16  0:53  Refinery  
  17  1:02  SCV  
  18  1:14  SCV  
  19  1:26  Orbital Command  
  19  1:27  Reaper  
  19  1:29  Supply Depot  
  20  1:44  Factory  
  20  1:52  SCV  
  21  1:59  Reaper  
  22  2:04  SCV  
  23  2:16  SCV  
  24  2:30  Hellion  
  24  2:32  Starport  
  24  2:36  Command Center  
  25  2:40  Barracks Reactor  
  25  2:41  SCV  
  26  2:51  Supply Depot  
  26  2:52  Widow Mine  
  26  2:55  SCV  
  29  3:07  SCV  
  29  3:08  Starport Tech Lab  
  30  3:15  Factory Tech Lab  
  30  3:16  Marine x2  
  30  3:19  SCV  
  33  3:27  Refinery  
  31  3:34  Marine x2, SCV  
  31  3:36  Cyclone  
  30  3:50  SCV  
  30  3:52  Marine x2  
  30  3:53  Raven  
  33  4:05  Supply Depot  
  33  4:08  SCV  
  34  4:10  Marine x2  
  34  4:15  Siege Tank  
  39  4:26  SCV  
  39  4:27  Orbital Command  
  41  4:38  SCV  
  41  4:42  Barracks  
  41  4:46  Stimpack  
  41  4:50  SCV  
  42  4:54  SCV  
  43  5:04  SCV  
  43  5:06  SCV  
  43  5:16  SCV  
  43  5:18  SCV  
  41  5:22  Siege Tank  
  44  5:29  Marine x2, Starport Reactor  
  44  5:32  SCV  
  44  5:35  SCV  
  48  5:44  SCV  
  48  5:46  Marine  
  48  5:47  Marine x2, SCV  
  53  5:51  Supply Depot  
  53  5:57  SCV  
  54  5:59  SCV  
  54  6:01  Siege Tank  
  58  6:05  Marine  
  58  6:06  Marine x2  
  58  6:09  SCV  
  62  6:13  SCV  
  62  6:15  Supply Depot  
  63  6:19  Medivac  
  63  6:20  Medivac  
  63  6:21  SCV  
  63  6:25  SCV  
  69  6:26  Supply Depot  
  69  6:30  Marine  
  70  6:33  Marine  
  70  6:36  Marine  
  70  6:39  SCV x2  
  73  6:48  Marine  
  73  6:51  Marine, SCV x2  
  74  6:56  Marine, Siege Tank  
  72  7:04  SCV  
  64  7:09  Marine  
  64  7:13  Marine  
  66  7:21  SCV  
  66  7:22  SCV  
  59  7:26  Marine  

Tags
 
Add a new tag
Caveats
  • Supply blocks, unpowered buildings, or Contaminate may cause inaccurate times.
  • Supply counts are checked every 10 seconds.